 Dungeon Crawl Stone Soup version 0.28-a0-1613-gdaab1c2f9b (webtiles) character file.

Game seed: 15232273979740910929

2260 jlumianski the Cleaver (level 9, -9/78 HPs)
             Began as a Hill Orc Fighter on Jan 22, 2022.
             Succumbed to a kobold brigand's curare-tipped dart
             ... on level 5 of the Dungeon.
             The game lasted 00:27:41 (6386 turns).

jlumianski the Cleaver (Hill Orc Fighter)           Turns: 6386, Time: 00:27:47

Health: -9/78      AC: 10    Str: 27    XL:     9   Next: 38%
Magic:  9/9        EV:  9    Int:  8    God:
Gold:   897        SH:  5    Dex: 10    Spells: 8/8 levels left

rFire   . . .      SeeInvis .   a - +1 war axe (elec)
rCold   . . .      Faith    .   c - +0 buckler
rNeg    + . .      Spirit   .   n - +0 chain mail
rPois   .          Reflect  .   r - +0 helmet
rElec   .          Harm     .   z - +0 cloak
rCorr   .          Rampage  .   F - +0 pair of gloves of Anarchy {Str+4}
Will    +....                   (no boots)
Stlth   ..........              (no amulet)
HPRegen 0.23/turn               H - ring of positive energy
MPRegen 0.11/turn               B - ring of willpower

@: lethally poisoned (-9 -> -54), corroded, slowed, very slow
A: no striking features
a: no special abilities


You were on level 5 of the Dungeon.
You visited 2 branches of the dungeon, and saw 8 of its levels.

You collected 897 gold pieces.

Inventory:

Hand Weapons
 a - a +1 war axe of electrocution (weapon)
 f - a +2 dagger of draining
 g - a +0 hunting sling
 q - a +2 vorpal mace
 y - a +4 quarterstaff of chaos
Missiles
 e - 166 stones
 i - 24 bolts
 l - 12 poisoned darts
 p - 2 silver javelins (quivered)
 v - 62 sling bullets
 J - 6 datura-tipped darts
Armour
 b - a +0 scale mail
 c - a +0 buckler (worn)
 j - a +0 pair of gloves
 n - a +0 chain mail (worn)
 r - a +0 helmet (worn)
 z - a +0 cloak (worn)
 F - the +0 pair of gloves of Anarchy (worn) {Str+4}
   (You found it on level 5 of the Dungeon)

   Str:       It affects your strength (+4).
Magical Staves
 I - a staff of poison
Jewellery
 A - a ring of wizardry
 B - a ring of willpower (right hand)
 C - a +6 ring of intelligence
 H - a ring of positive energy (left hand)
 K - a +6 ring of strength
Scrolls
 t - a scroll of teleportation
 u - a scroll of summoning
Potions
 d - a potion of might
 h - a potion of haste
 k - a potion of berserk rage
 m - 3 potions of lignification
 o - 2 potions of flight
 s - 2 potions of curing
 x - 2 potions of mutation
 D - a potion of attraction {unknown}
 E - a potion of degeneration {unknown}
 G - a potion of brilliance {unknown}


   Skills:
 + Level 6.5 Fighting
 + Level 10.7 Axes
 + Level 2.4 Throwing
 + Level 7.0 Armour
 + Level 2.5 Dodging
 + Level 0.2 Stealth
 + Level 4.9 Shields


You had 8 spell levels left.
You didn't know any spells.
Your spell library contained the following spells:

 Spells                   Type           Power      Damage    Failure   Level
 Pain                     Necr           0%         1d4       96%         1
 Corpse Rot               Necr/Air       0%         N/A       99%         2
 Poisonous Vapours        Pois/Air       0%         N/A       99%         2
 Gell's Gravitas          Tloc           0%         N/A       100%        3
 Lesser Beckoning         Tloc           0%         N/A       100%        3
 Teleport Other           Tloc           0%         N/A       100%        3
 Agony                    Necr           0%         N/A       100%        5
 Excruciating Wounds      Necr           0%         N/A       100%        5
 Borgnjor's Revivificati  Necr           0%         N/A       100%        8


Dungeon Overview and Level Annotations

Branches:
Dungeon (7/15)             Temple (1/1) D:5

Altars:
Cheibriados
Dithmenos
Elyvilon
Gozag
Hepliaklqana
Kikubaaqudgha
Makhleb
Nemelex Xobeh
Okawaru
Qazlal
Ru
Sif Muna
Uskayaw
Wu Jian
Xom
Yredelemnul
Zin
The Shining One

Shops:
D:3 (

Annotations:
D:6 mcsnuffy's ghost, novice VSBr


Message History

a +0 dagger; a +0 robe
There is a stone staircase leading down, spattered with blood here.
Welcome back, jlumianski the Hill Orc Fighter.
Press ? for a list of commands and other information.
You start resting.
HP restored.
You climb downwards.
Level annotation: mcsnuffy's ghost, novice VSBr The kobold brigand throws a poisoned dart.
The poisoned dart hits you!
You are poisoned.
The kobold brigand throws a curare-tipped dart.
The curare-tipped dart hits you.
You are more poisoned.
You have difficulty breathing.
You feel yourself slow down.
The kobold brigand throws a curare-tipped dart.
The curare-tipped dart hits you.
You are more poisoned.
You have difficulty breathing.
You feel as though you will be slow longer.
The kobold brigand throws a poisoned dart.
The poisoned dart hits you!
You are more poisoned.
The kobold brigand throws a curare-tipped dart.
The curare-tipped dart hits you.
You are more poisoned.
You have difficulty breathing.
You feel as though you will be slow longer.
There is a stone staircase leading up, spattered with blood here.
Press: ? - help, v - describe, . - travel
Here: a kobold brigand, wielding a +2 whip of draining and quivering curare-tipped darts The floor.
Unknown command.
You feel extremely sick.
The kobold brigand zaps a wand.
The bolt of acid hits you!!
* * * LOW HITPOINT WARNING * * *
The acid corrodes you!
Mcsnuffy's ghost says, "I was once a great warrior, and I still am!"
You climb upwards.
You die...

.#....................#.....#####
.+....................'........†.
.##...###..###...###..##....#≈##.
.##...###..#####+#######..###≈≈#≈
...................# #..#≈≈≈≈≈≈
...................# #.#≈≈#≈≈#≈
<..................# #.#≈≈≈≈≈≈≈
...............[)..# #.#≈≈#≈≈≈#
................@).# #.##≈≈≈≈≈≈
###.####.####.##.[## ##..≈≈≈≈#≈≈
########.####+##### #...###≈≈##
..........#....# #.....##≈≈.
..........'....# #..........
..........#....# #.#.##.....
....##...####[#########...##.####
#...##...######..#...####....#
#...##......#...............##


There were no monsters in sight!

Vanquished Creatures
  A kobold demonologist (D:5)
  A hornet (D:6)
  An orc warrior (D:5)
  2 necrophages (D:6)
  An ogre (D:3)
  A phantom (D:6)
  A kobold brigand (D:5)
  3 scorpions
  2 water moccasin skeletons
  5 wights
  A bullfrog zombie (D:6)
  Crazy Yiuf (D:2)
  A gnoll shaman (D:6)
  3 bullfrog skeletons
  2 hounds
  A jelly (D:6)
  A centaur skeleton (D:6)
  Jessica (D:2)
  An iguana (D:6)
  2 orc wizards (D:6)
  Natasha (thrice) (D:2)
  A scorpion zombie (D:3)
  Robin (D:4)
  13 gnolls
  A howler monkey zombie (D:6)
  4 adders
  2 ufetubi
  2 adder zombies (D:3)
  An adder skeleton (D:4)
  4 worms (D:3)
  16 orcs
  5 endoplasms
  4 giant cockroaches
  14 goblins
  15 hobgoblins
  7 jackals
  7 kobolds
  6 quokkas
  5 ball pythons
  9 bats
  2 frilled lizards (D:1)
  5 rats
159 creatures vanquished.

Vanquished Creatures (others)
  A fungus (D:6)
  3 plants
4 creatures vanquished.

Grand Total: 163 creatures vanquished

Notes
Turn   | Place    | Note
-------+----------+-------------------------------------------
     0 | D:1      | jlumianski the Hill Orc Fighter began the quest for the
                  | Orb.
     0 | D:1      | Reached XP level 1. HP: 19/19 MP: 1/1
    26 | D:1      | Reached XP level 2. HP: 20/26 MP: 2/2
   184 | D:1      | Reached skill level 3 in Axes
   387 | D:1      | Reached XP level 3. HP: 33/33 MP: 3/3
  1080 | D:3      | Found Ximnumum's Antique Weapon Shop.
  1094 | D:3      | Reached XP level 4. HP: 34/40 MP: 4/4
  1178 | D:3      | Found a basalt altar of Yredelemnul.
  1191 | D:3      | Reached skill level 4 in Axes
  1426 | D:3      | Reached XP level 5. HP: 40/46 MP: 5/5
  1523 | D:4      | Noticed Robin
  1716 | D:4      | Killed Robin
  1717 | D:4      | Reached skill level 5 in Axes
  1769 | D:4      | Found an iron altar of Okawaru.
  1837 | D:4      | Reached XP level 6. HP: 53/53 MP: 6/6
  2046 | D:3      | Noticed Natasha
  2051 | D:2      | Killed Natasha
  2052 | D:2      | Reached skill level 6 in Axes
  2316 | D:2      | Noticed Natasha
  2324 | D:2      | Killed Natasha
  2394 | D:2      | Found a runed translucent door.
  2395 | D:2      | Noticed Crazy Yiuf
  2402 | D:2      | Killed Crazy Yiuf
  2605 | D:2      | Noticed Natasha
  2614 | D:2      | Killed Natasha
  2615 | D:2      | Reached skill level 1 in Dodging
  2690 | D:2      | Noticed Jessica
  2699 | D:2      | Killed Jessica
  3280 | D:4      | Reached skill level 5 in Armour
  3280 | D:4      | Reached XP level 7. HP: 60/60 MP: 7/7
  3290 | D:5      | Entered Level 5 of the Dungeon
  3356 | D:3      | Reached skill level 7 in Axes
  3552 | D:5      | Reached skill level 5 in Fighting
  3595 | D:6      | Noticed a hornet
  3602 | D:6      | Killed a hornet
  3603 | D:6      | Reached skill level 8 in Axes
  3603 | D:6      | Reached XP level 8. HP: 42/68 MP: 8/8
  3760 | D:6      | Got the Grimoire of Evil
  3905 | D:5      | Identified the +0 pair of gloves of Anarchy {Str+4}
  4358 | D:5      | Reached skill level 1 in Throwing
  4423 | D:5      | Found a staircase to the Ecumenical Temple.
  4433 | Temple   | Entered the Ecumenical Temple
  4807 | D:5      | Identified a scroll of acquirement
  4807 | D:5      | Acquired 646 gold pieces
  4875 | D:6      | Found a shadowy altar of Dithmenos.
  4980 | D:5      | Reached skill level 9 in Axes
  5462 | D:6      | Found a stormy altar of Qazlal.
  5690 | D:6      | Reached skill level 10 in Axes
  5742 | D:5      | Reached XP level 9. HP: 72/75 MP: 9/9
  5976 | D:6      | Found a sparkling altar of Nemelex Xobeh.
  5976 | D:6      | Found a burning altar of Makhleb.
  5982 | D:6      | Found a glowing golden altar of the Shining One.
  5984 | D:6      | Found a faded altar of an unknown god.
  5986 | D:6      | Found a shimmering blue altar of Sif Muna.
  6084 | D:6      | Found a runed translucent gate.
  6084 | D:6      | Found a runed translucent gate.
  6084 | D:6      | Noticed a kobold demonologist
  6084 | D:6      | Noticed mcsnuffy's ghost (novice VSBr)
  6085 | D:6      | Found a runed translucent gate.
  6097 | D:6      | Noticed an ice devil
  6203 | D:6      | Noticed a rust devil
  6207 | D:5      | Killed a kobold demonologist
  6386 | D:5      | Succumbed to a kobold brigand's curare-tipped dart

Illustrated notes

Levels and vault maps discovered:
D:1:      minmay_arrival_shoal_huts, layout_basic, kennysheep_crisscross
D:2:      layout_basic, uniq_jessica, uniq_crazy_yiuf_cottage
D:3:      layout_rooms, nicolae_yredelemnul_corpse_copse, serial_shops,
          nicolae_shop_temple_entry_statues_fountains, uniq_natasha
D:4:      layout_gridville, mainiacjoe_overflow_paths, serial_forest,
          infiniplex_forest_lined_3, infiniplex_forest_lined_room_,
          infiniplex_forest_lined_3, infiniplex_forest_zigzag_1,
          infiniplex_forest_straight_1, infiniplex_forest_fountain,
          infiniplex_forest_lined_1, uniq_robin
D:5:      layout_gridville, minmay_temple_entry_statues_fountains, minivault_4
D:6:      layout_cave_pools, lemuel_round_altar,
          mainiacjoe_overflow_cross_hatched,
          chequers_temple_overflow_minitemple, serial_column_ruins,
          column_ruins_circle_large, column_ruins_corridor_straight,
          column_ruins_corridor_straight, column_ruins_open_tiny,
          column_ruins_open_tiny, gammafunk_ghost_nasty_kobolds,
          columned_hall_lemuel
D:7:      layout_rooms, mainiacjoe_overflow_boulevard, minivault_14,
          minmay_misc_feat_hallway, uniq_pikel, uniq_menkaure
Temple:   jpeg_temple_alley_garden

Skill      XL: |  1  2  3  4  5  6  7  8  9 |
---------------+----------------------------+-----
Axes           | 3 4 5 6 8 10 | 10.7
Fighting       | 4 5 6 |  6.5
Armour         | 4 5 6 7 |  7.0
Shields        | 4 |  4.9
Dodging        | 1 2 |  2.5
Throwing       | 1 2 |  2.4
Stealth        | |  0.2

Action                   |  1- 3 |  4- 6 |  7- 9 || total
-------------------------+-------+-------+-------++-------
Melee: War axe           |    96 |   157 |   184 ||   437
Throw: Stone             |    13 |    25 |    10 ||    48
       Dart              |       |     2 |       ||     2
       Boomerang         |       |       |    22 ||    22
       Javelin           |       |       |     2 ||     2
  Use: Scroll            |     2 |     9 |     3 ||    14
       Potion            |       |     1 |     1 ||     2
Armor: Scale mail        |    70 |    78 |    64 ||   212
       Chain mail        |       |       |    17 ||    17
Dodge: Dodged            |    43 |    69 |    88 ||   200
Block: Buckler           |    20 |    37 |    50 ||   107

Table legend: (Time is in decaauts)
 A = Elapsed time spent in this place.
 B = Non-inter-level travel time spent in this place.
 C = Inter-level travel time spent in this place.
 D = Time resting spent in this place.
 E = Time spent auto-exploring this place.
 F = Levels seen in this place.
 G = Mean time per level.
                   A        B        C        D        E       F      G
               +--------+--------+--------+--------+--------+-----+--------+
         Total |   6539 |   6397 |    142 |   1077 |   2776 |   8 |  817.4 |
       Dungeon |   6414 |   6272 |    142 |   1077 |   2776 |   7 |  916.3 |
        Temple |    124 |    124 |      0 |      0 |      0 |   1 |  124.0 |
               +--------+--------+--------+--------+--------+-----+--------+

Top non-repeatable levels by time:
     D:6: 1269 daAuts
     D:5: 1138 daAuts
     D:1: 1126 daAuts
     D:2: 987 daAuts
     D:3: 958 daAuts
     D:4: 922 daAuts
  Temple: 124 daAuts
     D:7: 11 daAuts
